 Dungeon Crawl Stone Soup version 0.29.0-4-gdea44cf6ec (webtiles) character file.

Game seed: 5288204994729501406

114 qw the Chopper (level 4, -2/18 (26) HPs)
             Began as a Tengu Warper on Aug 28, 2022.
             Slain by an orc wizard
             ... wielding a +1 dagger of draining
              (3 damage)
             ... on level 3 of the Dungeon.
             The game lasted 00:00:17 (2589 turns).

qw the Chopper (Tengu Warper)                       Turns: 2589, Time: 00:00:17

HP:   -2/18 (26)    AC:  8    Str: 13    XL:     4   Next: 97%
MP:   8/8           EV: 11    Int: 13    God:
Gold: 96            SH:  0    Dex: 14    Spells: 7/7 levels left

rFire   . . .      SeeInvis .   Y - +1 hand axe
rCold   . . .      Faith    .   (no shield)
rNeg    . . .      Spirit   .   d - +3 ring mail
rPois   .          Reflect  .   (helmet restricted)
rElec   .          Harm     .   (no cloak)
rCorr   .          Rampage  .   (no gloves)
Will    .....                   (boots unavailable)
Stlth   +.........              f - amulet of the acrobat
HPRegen 0.06/turn               (no ring)
MPRegen 0.11/turn               (no ring)

@: very heavily drained
A: beak, talons 3
a: no special abilities


You were on level 3 of the Dungeon.
You visited 1 branch of the dungeon, and saw 3 of its levels.

You collected 96 gold pieces.


Innate Abilities, Weirdness & Mutations

You have a beak for a mouth.
You have claws for feet.


   Skills:
 - Level 2.0 Fighting
 + Level 5.4 Axes
 - Level 1.0 Throwing
 - Level 1.1 Armour
 - Level 2.1 Dodging
 - Level 2.0 Spellcasting
 - Level 2.4 Translocations


You had 7 spell levels left.
You didn't know any spells.
Your spell library contained the following spells:

 Spells                   Type           Power      Damage    Failure   Level
 Blink                    Tloc           14%        N/A       30%         2
 Gell's Gravitas          Tloc           7%         N/A       52%         3
 Lesser Beckoning         Tloc           7%         N/A       52%         3
 Teleport Other           Tloc           7%         N/A       52%         3
 Manifold Assault         Tloc           7%         N/A       99%         5

Inventory:

Hand Weapons
 e - a +0 flail
 Y - a +1 hand axe (weapon)
Missiles
 c - a boomerang (quivered)
Armour
 d - a +3 ring mail (worn)
Jewellery
 f - an amulet of the acrobat (around neck)
Scrolls
 l - a scroll of teleportation {unknown}
Potions
 a - a potion of degeneration {unknown}
 b - a potion of curing {unknown}
 g - a potion of heal wounds {unknown}
 h - a potion of ambrosia {unknown}
 i - a potion of magic {unknown}
 j - a potion of lignification {unknown}
 k - 2 potions of mutation {unknown}
 n - a potion of might {unknown}

Dungeon Overview and Level Annotations

Branches:
Dungeon (3/15)

Altars:


Message History

You closely miss the hobgoblin. You closely miss something.
The hobgoblin hits you. Something hits you but does no damage.
You feel drained. The orc barely misses you.
You hit the orc.
You kill the orc!
You hit the hobgoblin but do no damage. You hit something but do no damage.
The hobgoblin barely misses you. Something hits you.
You feel drained.
You hit the orc.
The orc is severely wounded.
You hit something but do no damage. You completely miss the hobgoblin.
The orc barely misses you. The hobgoblin closely misses you.
Something hits you but does no damage.
You feel drained. The orc hits you but does no damage.
You hit the orc.
The orc is almost dead.
You hit the hobgoblin. You hit something.
The hobgoblin hits you but does no damage.
Something hits you.
You feel drained. The orc closely misses you.
You hit the orc.
You kill the orc!
You miss something. You hit the hobgoblin but do no damage.
The hobgoblin hits you but does no damage.
Something hits you.
You feel drained.
You hit the hobgoblin.
You kill the hobgoblin!
You closely miss something. You hit the orc.
The orc hits you but does no damage. Something hits you.
You feel drained.
You hit the orc but do no damage. You peck the orc, but do no damage.
The orc is heavily wounded.
You closely miss something. The orc hits you with a +0 hand axe.
Something hits you.
You feel drained.
You hit the orc.
You kill the orc!
You closely miss something.
You hear some strange, mumbled words.
A puff of flame appears from out of thin air!
The puff of flame hits you!
You closely miss something. Something hits you.
You die...

#.# ##....####### #####.#
#.....# #.....####.....#
#####
####..............###....
......#..#######.>##...###.#
#######..# #............
.........#######..##...#....
#######..............#...#
##########@{##<..# #%)###.##
#.)# .# #))# .# ?..# ..
###.# ## #.. ... ...


There were no monsters in sight!

Vanquished Creatures
  Robin (D:1)
  An adder (D:2)
  A dart slug (D:1)
  10 orcs
  9 endoplasms
  3 giant cockroaches
  14 goblins
  5 hobgoblins
  6 kobolds (D:1)
  3 quokkas (D:1)
  4 ball pythons
  7 bats
  A frilled lizard (D:2)
  10 rats
75 creatures vanquished.

Notes
Turn   | Place    | Note
-------+----------+-------------------------------------------
     0 | D:1      | qw the Tengu Warper began the quest for the Orb.
     0 | D:1      | Reached XP level 1. HP: 12/12 MP: 4/4
     0 | D:1      | 0 ||| qw: Version: 0.1-a-89-g26bdef1
     0 | D:1      | 0 ||| qw: Game counter: 3223
     0 | D:1      | 0 ||| qw: Always use a shield: true
     0 | D:1      | 0 ||| qw: God list: Okawaru
     0 | D:1      | 0 ||| qw: Allow faded altars: false
     0 | D:1      | 0 ||| qw: Do Orc after D:15 true
     0 | D:1      | 0 ||| qw: Do second Lair branch before Depths: true
     0 | D:1      | 0 ||| qw: Lair rune preference: random
     0 | D:1      | 0 ||| qw: Plans: Normal
     0 | D:1      | 0 ||| PLANNING D:1-11
   171 | D:1      | 171 ||| Stepping ~*~*~tactically~*~*~ (stealth).
   175 | D:1      | 175 ||| Stepping ~*~*~tactically~*~*~ (stealth).
   186 | D:1      | Reached skill level 3 in Axes
   186 | D:1      | Reached XP level 2. HP: 12/17 MP: 6/6
   336 | D:1      | 336 ||| Stepping ~*~*~tactically~*~*~ (stealth).
   617 | D:1      | Reached XP level 3. HP: 18/21 MP: 7/7
   886 | D:1      | 886 ||| DROPPING +0 club.
   912 | D:1      | Reached skill level 4 in Axes
   969 | D:1      | Found a faded altar of an unknown god.
  1218 | D:1      | 1218 ||| Stepping ~*~*~tactically~*~*~ (stealth).
  1289 | D:1      | 1289 ||| UPGRADING to +3 ring mail.
  1299 | D:1      | 1299 ||| DROPPING +0 leather armour.
  1300 | D:1      | 1300 ||| UPGRADING to amulet of the acrobat.
  1305 | D:1      | 1305 ||| DROPPING amulet of faith.
  1306 | D:1      | 1306 ||| READING scroll labelled KEANETR SUUFOD.
  1307 | D:1      | 1307 ||| READING scroll labelled BOHIGE DEURGH.
  1308 | D:1      | 1308 ||| DROPPING scroll of blinking.
  1348 | D:2      | Noticed Robin
  1349 | D:2      | 1349 ||| Stepping ~*~*~tactically~*~*~ (hiding).
  1362 | D:2      | 1362 ||| STAIRDANCE
  1368 | D:1      | Killed Robin
  1458 | D:2      | 1458 ||| STAIRDANCE
  1483 | D:2      | 1483 ||| STAIRDANCE
  1488 | D:2      | 1488 ||| STAIRDANCE
  1493 | D:2      | 1493 ||| STAIRDANCE
  1498 | D:2      | 1498 ||| STAIRDANCE
  1501 | D:2      | Reached XP level 4. HP: 23/26 MP: 8/8
  1501 | D:2      | 1501 ||| STAIRDANCE
  1538 | D:2      | 1538 ||| STAIRDANCE
  1544 | D:2      | 1544 ||| STAIRDANCE
  1712 | D:2      | 1712 ||| Stepping ~*~*~tactically~*~*~ (stealth).
  1723 | D:2      | 1723 ||| DROPPING +0 whip.
  1816 | D:2      | Reached skill level 5 in Axes
  2410 | D:2      | 2410 ||| READING 2 scrolls labelled HUPPEEDWON.
  2411 | D:2      | 2411 ||| READING scroll labelled DODUAM BANOTU.
  2412 | D:2      | 2412 ||| READING scroll labelled NETRAT EPLALEC.
  2413 | D:2      | 2413 ||| DRINKING 2 orange potions.
  2414 | D:2      | 2414 ||| DROPPING scroll of noise.
  2415 | D:2      | 2415 ||| DROPPING potion of flight.
  2588 | D:3      | HP: 1/17 [something/puff of flame (8)]
  2589 | D:3      | Slain by an orc wizard

Levels and vault maps discovered:
D:1:      eino_arrival_cavern_a, layout_loops_ring, basic_ecumenical_altar,
          st_stairs_8, minmay_misc_feat_enclosed
D:2:      layout_basic, kennysheep_cross_bottleneck, uniq_robin
D:3:      layout_loops_ring, nicolae_overflow_two_pavilions,
          grunt_nemelex_the_gamble, skrybe_limestone_x

Skill      XL: |  1  2  3  4 |
---------------+-------------+-----
Axes           | 3 4 5 |  5.4
Fighting       | |  2.0
Throwing       | |  1.0
Armour         | |  1.1
Dodging        | |  2.1
Spellcasting   | |  2.0
Translocations | |  2.4

Action                   |  1- 3 |  4- 6 || total
-------------------------+-------+-------++-------
Melee: Hand axe          |    70 |    60 ||   130
       Kick              |    13 |    16 ||    29
       Peck              |    10 |     6 ||    16
Throw: Boomerang         |     7 |    18 ||    25
  Use: Scroll            |     2 |     3 ||     5
       Potion            |       |     1 ||     1
Armor: Leather armour    |    18 |       ||    18
       Ring mail         |    11 |    29 ||    40
Dodge: Dodged            |    41 |    36 ||    77

Table legend:
 A = Non-vault XP
 B = Vault XP
 C = Vault XP percentage of total XP
 D = Non-vault monster count
 E = Vault monster count
 F = Vault count percentage of total count
                 A         B        C        D         E       F
            +---------+---------+-------+---------+---------+-------
      Total |     123 |      40 |  24.5 |      61 |      14 |  18.7
            +---------+---------+-------+---------+---------+-------
        D:1 |      53 |      34 |  39.1 |      32 |      11 |  25.6
        D:2 |      45 |       6 |  11.8 |      19 |       3 |  13.6
        D:3 |      25 |       0 |   0.0 |      10 |       0 |   0.0
            +---------+---------+-------+---------+---------+-------
